 Dungeon Crawl Stone Soup version 0.30.1-9-gdf580d7c3d (webtiles) character file.

Game seed: 1325423075927057121

538 lonewolfV2 the Shield-Bearer (level 7, -15/56 HPs)
             Began as a Formicid Fighter on Oct 17, 2023.
             Was an Initiate of Elyvilon.
             Demolished by an ogre
             ... wielding a +0 giant spiked club
              (19 damage)
             ... on level 5 of the Dungeon.
             The game lasted 00:07:12 (4098 turns).

lonewolfV2 the Shield-Bearer (Formicid Fighter)     Turns: 4098, Time: 00:07:13

Health: -15/56     AC: 10    Str: 29    XL:     7   Next: 51%
Magic:  7/7        EV:  8    Int:  7    God:    Elyvilon [......]
Gold:   222        SH:  5    Dex: 13    Spells: 6/6 levels left

rFire   . . .        a - +0 war axe
rCold   + . .        c - +0 buckler
rNeg    . . .        g - +1 chain mail
rPois   .            (helmet unavailable)
rElec   .            (no cloak)
rCorr   .            (no gloves)
SInv    +            (no boots)
Will    .....        e - amulet of faith Stlth
                     f - +6 ring of strength
HPRegen 0.29/turn    i - ring of protection from cold
MPRegen 0.10/turn

%: faith
@: mighty
A: permanent stasis, dig shafts and tunnels, antennae 3, four strong arms
a: Dig, Shaft Self, Renounce Religion


You were on level 5 of the Dungeon.
You worshipped Elyvilon.
Elyvilon was noncommittal.
You visited 2 branches of the dungeon, and saw 6 of its levels.

You collected 222 gold pieces.

Inventory:

Hand Weapons
 a - a +0 war axe (weapon)
 m - a +1 vampiric hand axe
Armour
 b - a +0 scale mail
 c - a +0 buckler (worn)
 g - a +1 chain mail (worn)
Jewellery
 e - an amulet of faith (around neck)
 f - a +6 ring of strength (left hand)
 i - a ring of protection from cold (right hand)
Scrolls
 l - 2 scrolls of teleportation
 o - a scroll of acquirement {unknown}
Potions
 h - 2 potions of flight
 j - a potion of ambrosia {unknown}
 k - a potion of degeneration
 n - a potion of magic {unknown}
 p - a potion of haste {unknown}


   Skills:
 + Level 5.2 Fighting
 + Level 4.1 Axes
 + Level 5.2 Armour
 + Level 6.3 Shields


You had 6 spell levels left.
You didn't know any spells.
Your spell library contained the following spells:

 Spells                   Type           Power      Damage    Failure   Level
 Magic Dart               Conj           0%         1d3       91%         1
 Summon Small Mammal      Summ           0%         N/A       91%         1
 Call Imp                 Summ           0%         N/A       97%         2
 Call Canine Familiar     Summ           0%         N/A       100%        3
 Mephitic Cloud           Conj/Pois/Air  0%         N/A       100%        3
 Summon Guardian Golem    Hex/Summ       0%         N/A       100%        3


Dungeon Overview and Level Annotations

Branches:
Dungeon (5/15)             Temple (1/1) D:4

Altars:
Elyvilon
Hepliaklqana


Innate Abilities, Weirdness & Mutations

You cannot be hasted, slowed, berserked, paralysed or teleported.
You can dig through walls and to a lower floor.
You have a pair of large antennae on your head. (SInv)
Your four strong arms can wield two-handed weapons with a shield.


Message History

You barely miss the gnoll. You slash the gnoll!
The gnoll hits you but does no damage. x2; The gnoll hits you with a +0 whip.
You block the gnoll's attack.
You hit the gnoll.
The gnoll is lightly wounded.
You closely miss the gnoll. You block the gnoll's attack.
The gnoll barely misses you.
The gnoll sergeant hits you from afar with a +0 trident!
Unknown command.
You closely miss the gnoll.
The gnoll is lightly wounded.
You barely miss the gnoll. The gnoll hits you with a +0 whip. x2
The gnoll sergeant hits you from afar with a +0 trident!
The gnoll misses you.
The gnoll sergeant hits you from afar with a +0 trident.
The gnoll closely misses you.
You slash the gnoll!
You kill the gnoll!
You slash the gnoll!
You kill the gnoll!
You block the gnoll sergeant's attack.
You feel very mighty all of a sudden.
The gnoll sergeant hits you but does no damage.
The gnoll hits you from afar with a +0 spear.
The gnoll sergeant barely misses you.
You see here a +0 whip.
The gnoll hits you from afar with a +0 spear!
* * * LOW HITPOINT WARNING * * *
You see here a +0 whip.
You block the ogre's attack. The gnoll hits you but does no damage.
The gnoll sergeant barely misses you.
The gnoll sergeant hits you with a +0 trident!
* * * LOW HITPOINT WARNING * * *
The gnoll hits you but does no damage.
You see here a +0 whip.
You slash the gnoll sergeant!
The gnoll sergeant is moderately wounded.
The gnoll hits you but does no damage. You block the gnoll sergeant's attack.
The ogre hits you with a +0 giant spiked club!!
You die...

...# ##.......#.........## ##
..####...................### ###.
..###......................###...
.<##.............###...........##
................## ##..........#
......#....###..# ##........##
....##....## #..# ##.......#
...#.....## ##.## ##......#
........## #g@# #......#
.#.....## ##O# ##...... ###...##
#g.# #..###.. # #..# #..# ..# #.
# ..# #... ... .. ..... ......
....... .........


You could see an ogre, a gnoll sergeant and a gnoll.

Vanquished Creatures
  A black bear (D:5)
  A phantom (D:5)
  Ijyb (D:3)
  3 hounds
  3 iguanas
  A sleepcap (D:5)
  Robin (D:3)
  3 gnolls
  3 adders
  3 worms
  A dart slug (D:3)
  4 orcs (D:4)
  5 bats (D:1)
  5 endoplasms
  3 giant cockroaches
  11 goblins
  13 hobgoblins
  2 quokkas
  6 ball pythons
  2 frilled lizards
  3 kobolds
  5 rats (D:1)
80 creatures vanquished.

Notes
Turn   | Place    | Note
-------+----------+-------------------------------------------
     0 | D:1      | lonewolfV2 the Formicid Fighter began the quest for the
                  | Orb.
     0 | D:1      | Reached XP level 1. HP: 18/18 MP: 1/1
   162 | D:1      | Reached XP level 2. HP: 24/24 MP: 2/2
   771 | D:1      | Reached XP level 3. HP: 26/29 MP: 3/3
  1969 | D:3      | Noticed Robin
  1982 | D:3      | Killed Robin
  1983 | D:3      | Reached XP level 4. HP: 30/37 MP: 4/4
  2135 | D:3      | Noticed Ijyb
  2154 | D:3      | Killed Ijyb
  2353 | D:3      | Reached XP level 5. HP: 41/42 MP: 5/5
  2651 | D:3      | Reached skill level 5 in Shields
  2819 | D:4      | Found a staircase to the Ecumenical Temple.
  2884 | Temple   | Entered the Ecumenical Temple
  2897 | Temple   | Became a worshipper of Elyvilon the Healer
  3025 | D:4      | Was placed under penance by Elyvilon
  3035 | D:4      | Reached XP level 6. HP: 43/49 MP: 6/6
  3249 | D:4      | Fell from the grace of Elyvilon
  3647 | Temple   | Became a worshipper of Elyvilon the Healer
  3831 | D:5      | Entered Level 5 of the Dungeon
  3915 | D:5      | Noticed a black bear
  3924 | D:5      | Killed a black bear
  3925 | D:5      | Reached skill level 6 in Shields
  3925 | D:5      | Reached XP level 7. HP: 54/55 MP: 7/7
  3945 | D:5      | Reached skill level 5 in Fighting
  3945 | D:5      | Reached skill level 5 in Armour
  4098 | D:5      | Demolished by an ogre

Illustrated notes

Levels and vault maps discovered:
D:1:      arrival_zaba_pyramid, layout_basic
D:2:      layout_basic
D:3:      layout_loops_ring, cheibrodos_gnoll_hut, uniq_robin, uniq_ijyb
D:4:      layout_loops_cross, minmay_temple_entry_junction, nicolae_titane
D:5:      layout_layer_cave, mainiacjoe_overflow_catwalk, serial_bayou_pond_e,
          hangedman_abyss_or_decor_lesser_grid
Temple:   minmay_crystal_spiral_temple

Skill      XL: |  1  2  3  4  5  6  7 |
---------------+----------------------+-----
Fighting       | 4 5 |  5.2
Armour         | 4 5 |  5.2
Axes           | 3 4 |  4.1
Shields        | 5 6 |  6.3

Action                     |  1- 3 |  4- 6 |  7- 9 || total
---------------------------+-------+-------+-------++-------
  Melee: War axe           |   115 |    73 |    32 ||   220
         Hand axe          |       |    45 |       ||    45
  Evoke: Wand              |       |     1 |       ||     1
    Use: Scroll            |     7 |     1 |       ||     8
         Potion            |       |       |     1 ||     1
 Armour: Scale mail        |    42 |       |       ||    42
         Chain mail        |    17 |    69 |    23 ||   109
  Dodge: Dodged            |    62 |    34 |    23 ||   119
  Block: Buckler           |    30 |    27 |    20 ||    77
